Map: New Gettysburg LE

Players

FoxeR

  • Race: Terran Terran
  • League: Master

IlIlIlIlIlIl - Winner!

  • Race: Zerg Zerg

VOD

Have the link to the VOD?

Description

Time

  • Played on: Sept. 13, 2016, 11:49 p.m.
  • Length: 15:56
Show
View Real Time Build Order
Export as new Build Order

FoxeR Terran 

Build Orders: Reaper Expand, MMM Bio 

Get SALT Encoding   

  12  0:00  SCV  
  13  0:13  SCV  
  14  0:18  Supply Depot  
  14  0:25  SCV  
  15  0:40  SCV  
  16  0:42  Barracks  
  16  0:46  Refinery  
  16  0:52  SCV  
  17  1:04  SCV  
  18  1:16  SCV  
  19  1:32  Reaper  
  21  1:35  Orbital Command  
  20  1:52  Command Center  
  20  2:00  Barracks  
  20  2:02  SCV  
  21  2:09  Supply Depot  
  21  2:11  Barracks Reactor  
  21  2:14  SCV  
  22  2:26  SCV  
  23  2:38  SCV  
  23  2:42  Refinery  
  23  2:43  Factory  
  24  2:47  Barracks Tech Lab  
  24  2:48  Marine x2  
  24  2:50  SCV  
  27  3:03  SCV  
  28  3:06  Marine x2  
  28  3:08  Orbital Command  
  28  3:10  Marine  
  30  3:15  Stimpack, SCV  
  31  3:25  Marine x2  
  33  3:27  SCV  
  34  3:34  Starport  
  34  3:39  Factory Reactor, SCV  
  34  3:40  Marine  
  36  3:43  Marine  
  36  3:44  Marine  
  38  3:53  Orbital Command  
  37  3:58  Marine  
  37  4:01  Marine  
  37  4:02  Marine  
  37  4:04  SCV  
  38  4:16  Marine  
  40  4:21  Medivac  
  40  4:22  Marine x2, Medivac  
  46  4:28  Supply Depot  
  45  4:32  Supply Depot  
  45  4:34  Marine  
  46  4:49  Marine x2, Widow Mine  
  46  4:50  SCV  
  46  4:52  Marine  
  52  4:56  Orbital Command  
  52  5:02  SCV  
  52  5:04  Engineering Bay x2  
  53  5:10  Bunker, Marine  
  54  5:14  SCV  
  54  5:19  Supply Depot  
  55  5:27  SCV  
  56  5:33  Marine x2  
  58  5:40  Marine  
  58  5:41  Medivac  
  58  5:42  Medivac  
  63  5:45  SCV  
  63  5:47  SCV  
  58  5:51  Marine  
  58  5:53  Marine  
  58  5:54  Orbital Command  
  59  5:59  Factory Tech Lab  
  59  6:06  SCV  
  59  6:09  Terran Infantry Weapons Level 1, Terran Infantry Armor Level 1  
  60  6:12  Marine  
  60  6:13  Marine  
  62  6:21  SCV  
  62  6:22  SCV  
  64  6:27  Supply Depot, Marine  
  64  6:28  Supply Depot, Combat Shields  
  65  6:33  SCV  
  65  6:35  Marine x2  
  65  6:38  SCV  
  69  6:44  Marine  
  70  6:48  SCV  
  70  6:51  Supply Depot  
  70  6:53  Marine x2  
  73  6:55  SCV  
  73  7:01  SCV  
  75  7:02  Marine  
  74  7:10  Marine  
  74  7:11  Marine, SCV  
  74  7:13  Command Center  
  77  7:20  Marine  
  78  7:27  Armory  
  78  7:28  Marine  
  78  7:29  Marine  
  80  7:30  Barracks  
  80  7:32  SCV  
  80  7:33  SCV  
  80  7:34  Barracks  
  80  7:36  Barracks  
  82  7:40  Marine  
  83  7:45  SCV  
  83  7:46  Marine  
  83  7:47  Marine, SCV  
  83  7:49  Refinery  
  83  7:50  Refinery  
  87  7:55  Supply Depot  
  87  7:57  Supply Depot  
  71  8:13  Marine x2, Liberator x2  
  71  8:14  SCV x2  
  75  8:26  SCV  
  77  8:27  Barracks Tech Lab, Barracks Reactor  
  77  8:30  Barracks Reactor  
  77  8:33  SCV  
  77  8:34  Missile Turret x2, Terran Infantry Weapons Level 2  
  82  8:36  Orbital Command  
  81  8:42  Missile Turret  
  81  8:44  Marauder  
  81  8:47  Marine, Marauder  
  86  8:49  Marine  
  86  8:51  SCV x2  
  89  9:03  SCV  
  89  9:05  Marine  
  89  9:06  Marauder  
  90  9:21  Marine x5  
  90  9:22  Marine  
  77  9:28  Marine  
  78  9:34  Marine  
  78  9:36  Orbital Command  
  69  9:39  Marine x5  
  70  9:53  SCV  
  70  9:56  Marine x3  
  70  9:57  SCV  
  73  10:01  SCV  
  73  10:03  Terran Infantry Armor Level 2  
  73  10:05  SCV  
  75  10:09  SCV  
  75  10:10  Reaper  
  75  10:11  Marine x3  
  75  10:12  Siege Tank  
  75  10:13  Medivac x2, SCV  
  90  10:14  Marauder  
  90  10:17  SCV  
  90  10:21  SCV  
  92  10:24  Orbital Command  
  92  10:25  SCV  
  93  10:29  SCV  
  93  10:30  Supply Depot  
  95  10:37  SCV  
  75  10:47  SCV  
  72  10:50  SCV  
  72  10:53  Marine x6  
  72  10:54  Marine x2  
  80  10:59  Medivac  
  80  11:02  SCV  
  80  11:03  SCV  
  84  11:08  SCV  
  84  11:09  Widow Mine  
  84  11:11  Marine x7  
  88  11:12  Marine  
  88  11:14  Factory  
  95  11:18  SCV  
  95  11:19  SCV  
  97  11:28  Marine  
  94  11:42  Marine  
  94  11:43  Marine x4, Marauder  
  94  11:44  Marine  
  94  11:46  Marine  
  97  11:49  Widow Mine  
  98  12:05  Marine x2  
  100  12:14  Marine x2  
  99  12:17  Marine x2, SCV x2  
  99  12:18  Marauder x2  
  99  12:19  Medivac x2, Widow Mine  
  99  12:20  Widow Mine  
  99  12:22  SCV  
  115  12:23  Command Center, Marine x2  
  115  12:27  Terran Infantry Weapons Level 3  
  115  12:29  SCV  
  118  12:32  Marine x2  
  118  12:33  Supply Depot  
  118  12:35  Marine  
  121  12:39  SCV x2  
  123  12:47  Marauder  
  123  12:48  Supply Depot  
  123  12:49  Supply Depot  
  125  12:55  Marine x2, Marauder  
  129  12:59  Marine x2, Factory Reactor  
  129  13:00  Widow Mine  
  133  13:09  Medivac, SCV x3  
  133  13:10  Supply Depot  
  133  13:11  Marine x2, Marauder  
  133  13:12  Supply Depot  
  134  13:21  SCV  
  130  13:28  Widow Mine  
  130  13:33  SCV  
  131  13:36  Marine x2, Widow Mine x2, Marauder x2  
  141  13:49  Refinery, Ghost Academy  
  141  13:50  Refinery  
  141  13:55  Barracks  
  141  13:57  Barracks, Widow Mine  
  141  13:59  Barracks  
  143  14:08  SCV x3  
  146  14:15  Refinery  
  146  14:20  SCV  
  146  14:23  SCV x2  
  149  14:30  Planetary Fortress  
  147  14:32  SCV  
  147  14:35  SCV  
  147  14:38  Ghost x2  
  107  14:55  Marine  
  107  14:56  Marine x2  
  107  14:58  Marine  
  107  14:59  Marine x2  
  98  15:03  Marine  
  98  15:05  SCV x2  
  98  15:07  Ghost  
  71  15:08  Marauder  
  69  15:17  Marine  
  59  15:24  Marine  
  56  15:29  Marauder  
Show
View Real Time Build Order
Export as new Build Order

IlIlIlIlIlIl Zerg - Winner!

Build Orders: Hatch First, Muta Ling Bane 

Get SALT Encoding   

  12  0:01  Drone  
  13  0:13  Overlord  
  13  0:19  Drone  
  14  0:31  Drone x2  
  14  0:35  Drone  
  17  0:55  Hatchery  
  16  0:57  Drone  
  16  1:01  Drone  
  18  1:06  Extractor  
  17  1:18  Spawning Pool  
  17  1:21  Drone  
  17  1:24  Drone  
  18  1:32  Drone  
  19  1:40  Drone  
  20  1:53  Overlord  
  19  2:06  Queen, Zergling x2  
  19  2:07  Queen  
  24  2:09  Zergling x2  
  25  2:17  Metabolic Boost  
  25  2:21  Drone  
  25  2:22  Drone  
  27  2:28  Drone x2  
  29  2:36  Spore Crawler  
  28  2:39  Drone x2  
  30  2:47  Drone  
  30  2:50  Overlord  
  30  3:06  Zergling x2  
  30  3:07  Zergling x4  
  30  3:12  Zergling x2  
  33  3:14  Hatchery  
  33  3:15  Zergling x2  
  33  3:16  Zergling x4  
  33  3:19  Drone x2  
  37  3:22  Drone  
  37  3:25  Overlord  
  38  3:32  Queen  
  40  3:35  Drone  
  40  3:37  Drone  
  42  4:01  Zergling x2  
  42  4:02  Zergling x16  
  50  4:07  Drone  
  50  4:08  Extractor  
  50  4:16  Drone  
  50  4:20  Drone  
  50  4:23  Drone  
  52  4:25  Queen  
  52  4:26  Overlord  
  52  4:27  Overlord  
  53  4:40  Drone x3  
  53  4:41  Drone, Baneling Nest  
  53  4:43  Drone  
  53  4:44  Overlord  
  57  4:45  Drone  
  57  4:46  Drone x2  
  60  4:53  Drone x2  
  60  4:58  Drone x2  
  64  5:12  Lair  
  64  5:16  Zergling x8  
  68  5:27  Baneling x3  
  66  5:28  Zergling x2  
  66  5:29  Zergling x14  
  66  5:31  Baneling x4  
  66  5:33  Zergling x4  
  74  5:39  Baneling  
  74  5:40  Zergling x2  
  75  5:47  Queen  
  71  5:53  Queen  
  70  5:57  Drone x2  
  70  5:58  Extractor, Drone  
  70  6:00  Drone  
  70  6:04  Overlord x2  
  73  6:08  Overlord  
  73  6:09  Overlord  
  73  6:11  Evolution Chamber x2  
  72  6:16  Spire  
  72  6:17  Drone  
  71  6:19  Drone x2  
  71  6:20  Extractor  
  71  6:21  Drone  
  73  6:25  Overlord  
  73  6:31  Centrifical Hooks  
  73  6:36  Overlord  
  73  6:39  Drone x2  
  75  6:40  Drone x2  
  75  6:42  Extractor  
  75  6:43  Zergling x10  
  75  6:44  Extractor  
  80  6:49  Zerg Ground Armor Level 1  
  80  6:50  Drone x2  
  80  6:51  Drone  
  80  6:52  Drone  
  84  6:55  Drone  
  85  7:02  Zergling x6  
  85  7:03  Zergling x2  
  81  7:11  Drone  
  81  7:12  Drone x2  
  84  7:16  Spore Crawler  
  84  7:17  Drone x3  
  84  7:18  Drone  
  87  7:25  Overlord, Zerg Melee Weapons Level 1  
  87  7:28  Mutalisk x2  
  87  7:29  Mutalisk  
  93  7:31  Mutalisk  
  95  7:40  Drone  
  96  7:45  Mutalisk x2  
  96  7:47  Overlord  
  96  7:50  Drone x2  
  96  7:51  Drone x3  
  105  7:53  Overlord  
  89  8:08  Drone  
  89  8:09  Drone x6  
  89  8:10  Drone x3  
  95  8:18  Mutalisk x2  
  99  8:20  Zergling x2  
  100  8:38  Zergling x20  
  110  8:43  Zerg Ground Armor Level 2  
  110  8:50  Baneling  
  110  8:51  Baneling x13  
  110  8:52  Baneling  
  110  8:54  Overseer  
  110  9:00  Zergling x10  
  94  9:25  Zergling x8  
  94  9:26  Zergling x14  
  85  9:45  Zergling x2  
  84  9:46  Zergling x10  
  80  9:58  Queen  
  80  10:01  Zerg Melee Weapons Level 2  
  80  10:02  Zergling x2  
  80  10:03  Infestation Pit, Zergling x8  
  80  10:04  Baneling  
  80  10:05  Baneling x20  
  84  10:08  Overseer  
  84  10:10  Zergling x2  
  84  10:11  Zergling x2  
  86  10:16  Zergling x4  
  88  10:23  Zergling x4  
  90  10:35  Hatchery  
  70  10:48  Zergling x14  
  70  10:49  Zergling x6  
  75  10:51  Baneling  
  75  10:52  Baneling x3  
  75  10:57  Corruptor x5  
  75  11:00  Zergling x2  
  75  11:01  Zergling x4  
  75  11:03  Hive  
  88  11:08  Zergling x2  
  88  11:09  Zergling x10  
  94  11:11  Baneling  
  94  11:12  Baneling x7  
  94  11:15  Overseer  
  94  11:20  Zergling x2  
  94  11:21  Zergling x4  
  94  11:23  Baneling x4  
  94  11:24  Baneling x5  
  97  11:27  Zergling x2  
  91  11:45  Zergling x20  
  97  11:48  Drone, Queen  
  97  11:51  Drone x2  
  83  12:23  Zergling x2  
  83  12:24  Ultralisk Cavern, Zergling x24  
  83  12:29  Zerg Melee Weapons Level 3, Zerg Ground Armor Level 3  
  95  12:35  Baneling  
  95  12:36  Baneling x9  
  95  12:52  Overlord x2  
  95  12:53  Zergling x2  
  95  12:54  Zergling x12  
  102  13:00  Adrenal Glands  
  102  13:11  Ultralisk  
  108  13:13  Chitinous Plating  
  99  13:32  Ultralisk x2  
  110  13:35  Drone x3  
  113  13:47  Ultralisk  
  114  13:57  Overseer x2  
  114  14:00  Baneling x3  
  114  14:01  Baneling x12  
  114  14:07  Ultralisk  
  120  14:19  Ultralisk  
  126  14:26  Zergling x16  
  126  14:27  Zergling x2  
  113  15:07  Zergling x22  
  113  15:08  Zergling x40  
  138  15:16  Zergling x2  
  138  15:17  Zergling x12  
  143  15:36  Overlord x2  
  143  15:37  Overlord  
Tags
 
Add a new tag
Caveats
  • Supply blocks, unpowered buildings, or Contaminate may cause inaccurate times.
  • Supply counts are checked every 10 seconds.